 Dungeon Crawl Stone Soup version 0.29-a0-321-gf1c400731a (webtiles) character file.

Game seed: 16968757970846383692

39 Hubjo the Skirmisher (level 3, -2/29 HPs)
             Began as a Demonspawn Monk on Apr 4, 2022.
             Slain by a white imp (3 damage)
             ... summoned by Natasha
             ... on level 2 of the Dungeon.
             The game lasted 00:02:12 (5473 turns).

Hubjo the Skirmisher (Demonspawn Monk)              Turns: 5473, Time: 00:02:13

Health: -2/29      AC:  8    Str: 11    XL:     3   Next: 28%
Magic:  4/4        EV: 12    Int: 11    God:
Gold:   51         SH:  0    Dex: 20    Spells: 4/4 levels left

rFire   . . .      SeeInvis .   l - +1 dagger (pain)
rCold   + + .      Faith    .   (no shield)
rNeg    . . .      Spirit   .   o - +5 leather armour of Card Tricks {rC++ Dex+3 Stlth+}
rPois   .          Reflect  .   (no helmet)
rElec   .          Harm     .   (no cloak)
rCorr   .          Rampage  .   (no gloves)
Will    .....                   (no boots)
Stlth   +++.......              (no amulet)
HPRegen 0.09/turn               (no ring)
MPRegen 0.09/turn               (no ring)

@: slowed, very slow
A: powered by death 2
a: no special abilities


You were on level 2 of the Dungeon.
You visited 1 branch of the dungeon, and saw 2 of its levels.

You collected 51 gold pieces.

Inventory:

Hand Weapons
 a - a +0 short sword
 l - a +1 dagger of pain (weapon)
Armour
 b - a +0 robe
 o - the +5 leather armour of Card Tricks (worn) {rC++ Dex+3 Stlth+}
   (You found it on level 2 of the Dungeon)

   Dex:       It affects your dexterity (+3).
   rC:        It greatly protects you from cold.
   Stlth:     It makes you more stealthy.
Scrolls
 e - 2 scrolls of identify {unknown}
 f - 2 scrolls of magic mapping {unknown}
 g - a scroll of blinking {unknown}
 k - a scroll of noise {unknown}
 m - a scroll of enchant weapon {unknown}
 n - a scroll of immolation {unknown}
Potions
 d - a potion of mutation {unknown}
 h - a potion of haste {unknown}
 i - a potion of cancellation {unknown}
 j - a potion of brilliance {unknown}


   Skills:
 * Level 3.6 Fighting
 - Level 2.6 Short Blades
 - Level 2.6 Dodging
 * Level 2.6 Stealth
 + Level 1.0 Spellcasting


You had 4 spell levels left.
You didn't know any spells.
Your spell library was empty.

Dungeon Overview and Level Annotations

Branches:
Dungeon (2/15)

Altars:

Annotations:
D:2 Natasha


Innate Abilities, Weirdness & Mutations

You regenerate health from kills.


Message History

Natasha claws you.
You hit Natasha.
Natasha is moderately wounded.
Natasha claws you but does no damage. Natasha claws you.
You hit Natasha but do no damage.
Natasha is moderately wounded.
Natasha claws you but does no damage.
You hit Natasha.
Natasha is heavily wounded.
Natasha barely misses you.
You closely miss Natasha.
Natasha is heavily wounded.
Natasha claws you.
You closely miss Natasha.
Natasha is heavily wounded.
Natasha casts a spell.
Natasha claws you but does no damage.
You hit Natasha.
Natasha is severely wounded.
Natasha mumbles some strange words.
The white imp hits you but does no damage.
You hit Natasha.
Natasha is almost dead.
Natasha claws you but does no damage.
The white imp hits you but does no damage.
You miss Natasha.
Natasha is almost dead.
Natasha casts a spell at you. The magic dart hits you.
The white imp barely misses you.
Natasha casts a spell.
The white imp misses you.
You barely miss Natasha.
Natasha is almost dead.
Natasha claws you. The white imp closely misses you. The iron imp hits you.
You are too injured to fight recklessly!
You are too injured to fight recklessly!
The iron imp attacks as you move away! The iron imp hits you!
* * * LOW HITPOINT WARNING * * *
The white imp hits you.
You die...

########
#>########......#
#....<.....####.#
######..(..#####.#
#.....55..(......#
#.####.h...##.####
#.@5..##.#
###.####h# #.# #5#
#.# #.# #.# #.#
#.# #.# ### #.#
#.# #..
###############.#
#.# #.#
#...............#
#.# #.# ##


You could see an iron imp (summoned), Natasha, a white imp (summoned) and a
shadow imp (summoned).

Vanquished Creatures
  2 dart slugs (D:1)
  3 endoplasms (D:1)
  2 giant cockroaches (D:1)
  5 goblins (D:1)
  4 hobgoblins (D:1)
  2 kobolds (D:1)
  2 quokkas (D:1)
  3 ball pythons (D:1)
  2 bats (D:1)
  A frilled lizard (D:1)
  6 rats (D:1)
32 creatures vanquished.

Notes
Turn   | Place    | Note
-------+----------+-------------------------------------------
     0 | D:1      | Hubjo the Demonspawn Monk began the quest for the Orb.
     0 | D:1      | Reached XP level 1. HP: 18/18 MP: 1/1
   230 | D:1      | Gained mutation: You regenerate a little health from kills.
                  | [demonic ancestry]
   230 | D:1      | Reached XP level 2. HP: 24/24 MP: 2/2
   841 | D:1      | Gained mutation: You regenerate health from kills. [demonic
                  | ancestry]
   841 | D:1      | Reached XP level 3. HP: 12/29 MP: 4/4
  1158 | D:1      | Reached skill level 1 in Spellcasting
  1475 | D:2      | Identified the +5 leather armour of Card Tricks {rC++ Dex+3
                  | Stlth+}
  1517 | D:2      | Noticed Natasha
  5473 | D:2      | HP: 1/29 [iron imp[Natasha] (8)]
  5473 | D:2      | Slain by a white imp

Illustrated notes

Levels and vault maps discovered:
D:1:      lemuel_arrival_rhombus, layout_loops_ring,
          hangedman_decor_clover_reticule
D:2:      kennysheep_six_static_rooms, layout_loops_ring,
          shapermc_ecumenical_altar_venn, uniq_natasha

Skill      XL: |  1  2  3 |
---------------+----------+-----
Stealth        | 2 |  2.6
Spellcasting   | 1 |  1.0
Fighting       | |  3.6
Short Blades   | |  2.6
Dodging        | |  2.6

Action                   || total
-------------------------++-------
Melee: Short sword       ||    71
       Dagger            ||    52
       Punch             ||     1
  Use: Potion            ||     1
 Stab: Sleeping          ||     6
Armor: Robe              ||    21
       Leather armour    ||     7
Dodge: Dodged            ||    74

Table legend: (Time is in decaauts)
 A = Elapsed time spent in this place.
 B = Non-inter-level travel time spent in this place.
 C = Inter-level travel time spent in this place.
 D = Time resting spent in this place.
 E = Time spent auto-exploring this place.
 F = Levels seen in this place.
 G = Mean time per level.
                   A        B        C        D        E       F      G
               +--------+--------+--------+--------+--------+-----+--------+
         Total |   5469 |   5468 |      1 |   3882 |   1295 |   2 | 2734.5 |
       Dungeon |   5469 |   5468 |      1 |   3882 |   1295 |   2 | 2734.5 |
               +--------+--------+--------+--------+--------+-----+--------+

Top non-repeatable levels by time:
     D:1: 5334 daAuts
     D:2: 135 daAuts
